 Dungeon Crawl Stone Soup version 0.25-a0-589-g1e14c549ee (webtiles) character file.

Game seed: 5817682043273461715, levelgen mode: deterministic

941 Lentor the Chopper (level 7, -7/57 HPs)
             Began as a Demonspawn Fighter on Mar 9, 2020.
             Mangled by an orc warrior
             ... wielding a +0 dire flail
              (22 damage)
             ... on level 4 of the Dungeon.
             The game lasted 00:11:17 (4009 turns).

Lentor the Chopper (Demonspawn Fighter)             Turns: 4009, Time: 00:11:17

Health: -7/57      AC:  9    Str: 19    XL:     7   Next: 88%
Magic:  7/7        EV:  5    Int:  9    God:
Gold:   94         SH: 14    Dex: 12    Spells: 6/6 levels left

rFire    + . .     SeeInvis .   a - +0 war axe
rCold    . . .     Gourm    .   c - +0 kite shield
rNeg     . . .     Faith    .   j - +0 chain mail {MR+}
rPois    .         Spirit   .   (no helmet)
rElec    .         Reflect  +   (no cloak)
rCorr    .         Harm     .   (no gloves)
MR       +....                  (no boots)
Stlth    ..........             r - +5 amulet of reflection
HPRegen  0.19/turn              (no ring)
MPRegen  0.10/turn              (no ring)

@: no status effects
A: hooves 1, fire resistance 1, powered by pain 1
a: no special abilities


You were on level 4 of the Dungeon.
You were hungry.

You visited 1 branch of the dungeon, and saw 4 of its levels.
You also visited: Sewer.

You collected 94 gold pieces.

Inventory:

Hand Weapons
 a - a +0 war axe (weapon)
Missiles
 s - 17 poisoned darts (quivered)
Armour
 c - a +0 kite shield (worn)
 j - a +0 chain mail of magic resistance (worn)
Jewellery
 r - a +5 amulet of reflection (around neck)
Wands
 t - a wand of disintegration (16)
 u - a wand of digging (4)
Scrolls
 b - a scroll of magic mapping
 e - 8 scrolls of teleportation {unknown}
 g - a scroll of enchant weapon {unknown}
 h - a scroll of immolation {unknown}
 i - a scroll of amnesia {unknown}
 m - a scroll of fog {unknown}
 o - 4 scrolls of identify {unknown}
Potions
 d - 3 potions of might
 k - 3 potions of brilliance {unknown}
 l - 5 potions of stabbing {unknown}
 n - a potion of cancellation {unknown}
 p - 3 potions of flight {unknown}
 q - 2 potions of berserk rage
 v - 5 potions of curing {unknown}
 x - a potion of haste {unknown}
Comestibles
 f - 7 rations


   Skills:
 + Level 5.8 Fighting
 * Level 6.7 Axes
 - Level 3.0 Armour
 - Level 0.4 Dodging
 - Level 3.0 Shields


You had 6 spell levels left.
You didn't know any spells.
Your spell library was empty.

Dungeon Overview and Level Annotations

Branches:
Dungeon (4/15)              Sewer (visited)
 Temple: D:4-7

Altars:
Okawaru
The Shining One


Innate Abilities, Weirdness & Mutations

You have large cloven feet.
Your flesh is heat resistant. (rF+)
You sometimes gain a little power by taking damage.


Message History

You hit the orc wizard.
The orc wizard is heavily wounded.
You slash the orc priest!
Your chain mail prevents you from hitting the orc warrior.
You block the orc warrior's attack. You block the orc's attack.
The orc priest mumbles some strange prayers to Beogh against you.
Beogh smites you! You block the orc wizard's attack.
The frilled lizard bites you but does no damage.
You hit the orc priest.
The orc priest is almost dead.
You closely miss the frilled lizard. You closely miss the orc wizard.
You hit the orc warrior but do no damage.
You block the orc warrior's attack.
The orc hits you from afar with a +0 trident.
* * * LOW HITPOINT WARNING * * *
The orc priest hits you but does no damage.
You block the orc wizard's attack.
The frilled lizard bites you but does no damage.
The orc warrior hits you with a +0 dire flail!!
You die...

*,,,,**,,,##......######.
*..,.#.,,,,#......#...##.
*...,'.,,,,#......'......
*....#.,,,,#......#......
*****....#'#####......#...##.
*,,,,.................#...##.
*,,,,.................#...#..
*,,,,......ol.........#...##.
*,,,,.....o)@)........#...##.
*,,,,......oo.........#...#..
*,,,,.................#...##.
****+###########....########.
*,,,,,,*,,,*,,+....# #..
*,,,,,,+,,,*,,*....# ##.
*,,,*****,,*,,*....#######..
*,,,*,,,,********###........
*,,,*,,,,* #......#.


You could see an orc warrior, an orc priest, an orc wizard, an orc and a frilled
lizard.

Vanquished Creatures
  A phantom (D:4)
  An ogre (D:3)
  4 big kobolds (Sewer)
  A scorpion (D:4)
  An orc priest (D:4)
  2 orc wizards
  A worker ant (D:3)
  2 hound skeletons (D:4)
  9 adders
  7 river rats (Sewer)
  An ooze (D:3)
  An adder skeleton (D:4)
  7 worms
  3 dart slugs
  6 leopard geckos
  16 orcs
  3 giant cockroaches
  5 hobgoblins
  6 jackals (D:3)
  19 kobolds
  2 quokkas
  4 ball pythons (Sewer)
  5 bats
  6 frilled lizards
  7 goblins
  A jackal skeleton (D:4)
  27 rats
148 creatures vanquished.

Vanquished Creatures (others)
  2 kobolds (Sewer)
2 creatures vanquished.

Grand Total: 150 creatures vanquished

Notes
Turn   | Place    | Note
-------+----------+-------------------------------------------
     0 | D:1      | Lentor the Demonspawn Fighter began the quest for the Orb.
     0 | D:1      | Reached XP level 1. HP: 18/18 MP: 1/1
     3 | D:1      | Noticed an electric eel
     3 | D:1      | Noticed an electric eel
   109 | D:1      | Gained mutation: Your flesh is heat resistant. (rF+)
                  | [demonic ancestry]
   109 | D:1      | Reached XP level 2. HP: 23/24 MP: 2/2
   233 | D:1      | Reached skill level 2 in Axes
   667 | D:2      | Reached XP level 3. HP: 20/29 MP: 3/3
  1476 | D:2      | Found a faded altar of an unknown god.
  1641 | D:3      | Reached skill level 3 in Axes
  1641 | D:3      | Gained mutation: You have large cloven feet. [demonic
                  | ancestry]
  1641 | D:3      | Reached XP level 4. HP: 28/35 MP: 4/4
  1762 | D:3      | Reached XP level 5. HP: 25/42 MP: 5/5
  1950 | D:3      | Found a glowing drain.
  1953 | D:3      | Noticed an ogre
  1959 | Sewer    | Entered a sewer
  2019 | Sewer    | Reached skill level 4 in Axes
  2099 | Sewer    | Reached XP level 6. HP: 38/49 MP: 6/6
  2294 | Sewer    | Reached skill level 5 in Axes
  2590 | Sewer    | Reached skill level 5 in Fighting
  2590 | Sewer    | Gained mutation: You sometimes gain a little power by
                  | taking damage. [demonic ancestry]
  2590 | Sewer    | Reached XP level 7. HP: 46/56 MP: 7/7
  3064 | D:3      | Reached skill level 6 in Axes
  3351 | D:3      | Found a glowing golden altar of the Shining One.
  3353 | D:3      | Found an iron altar of Okawaru.
  4009 | D:4      | Mangled by an orc warrior

Levels and vault maps discovered:
D:1:      arrival_aquarium_b, layout_basic
D:2:      layout_loops_ring, chequers_ecumenical_altar_simple, minmay_tripent
D:3:      layout_basic, minitemple, cheibrodos_sewer_entry_sluice, first_ration
D:4:      layout_gridville

Skill      XL: |  1  2  3  4  5  6  7 |
---------------+----------------------+-----
Axes           | 2 3 4 5 6 |  6.7
Armour         | 3 |  3.0
Shields        | 3 |  3.0
Fighting       | 4 5 |  5.8
Dodging        | |  0.4

Action                   |  1- 3 |  4- 6 |  7- 9 || total
-------------------------+-------+-------+-------++-------
Melee: War axe           |   148 |   167 |   125 ||   440
       Kick              |       |    49 |    33 ||    82
  Use: Scroll            |       |       |     1 ||     1
       Potion            |       |       |     1 ||     1
  Eat: Ration            |     1 |       |       ||     1
       Chunk             |       |     3 |     4 ||     7
Armor: Scale mail        |    19 |       |       ||    19
       Chain mail        |    65 |    78 |    53 ||   196
Dodge: Dodged            |    24 |    28 |    11 ||    63
Block: Kite shield       |   105 |   164 |    99 ||   368
       Reflection        |     1 |    10 |       ||    11

Table legend:
 A = Non-vault XP
 B = Vault XP
 C = Vault XP percentage of total XP
 D = Non-vault monster count
 E = Vault monster count
 F = Vault count percentage of total count
                 A         B        C        D         E       F
            +---------+---------+-------+---------+---------+-------
      Total |     753 |     592 |  44.0 |      97 |      51 |  34.5
            +---------+---------+-------+---------+---------+-------
        D:1 |      21 |       0 |   0.0 |      12 |       0 |   0.0
        D:2 |      67 |       5 |   6.9 |      23 |       2 |   8.0
        D:3 |     304 |      11 |   3.5 |      44 |       3 |   6.4
        D:4 |     361 |       0 |   0.0 |      18 |       0 |   0.0
      Sewer |       0 |     576 | 100.0 |       0 |      46 | 100.0
            +---------+---------+-------+---------+---------+-------
